 Dungeon Crawl Stone Soup version bcrawl-1.21 (webtiles) character file.

Game seed: 9292696277062037151

107 Freyura the Skirmisher (level 4, -9/29 HPs)
             Began as a Gargoyle Reaver on Feb 9, 2020.
             Was a Follower of Vehumet.
             Mangled by a centaur
             ... wielding a +0 club
              (15 damage)
             ... on level 3 of the Dungeon.
             The game lasted 00:04:24 (2061 turns).

Freyura the Skirmisher (Gargoyle Reaver)            Turns: 2061, Time: 00:04:24

Health: -9/29      AC:  9    Str: 15    XL:     4   Next: 85%
Magic:  9/9        EV: 18    Int: 15    God:    Vehumet [*.....]
Gold:   137        SH:  0    Dex: 13    Spells: 8/9 levels left

rFire    . . .     SeeInvis .   a - +0 flail
rCold    . . .     Gourm    .   (no shield)
rNeg     + . .     Faith    .   b - +1 steam dragon scales
rPois    ∞         Spirit   .   (no helmet)
rElec    +         Reflect  .   (no cloak)
rCorr    .         Harm     .   (no gloves)
MR       .....                  (no boots)
Stlth    ++........             (no amulet)
HPRegen  0.09/turn              (no ring)
MPRegen  0.11/turn              (no ring)

@: agile
A: negative energy resistance 1, electricity resistance, unbreathing,
petrification resistance, rot immunity, AC +3
a: Renounce Religion


You were on level 3 of the Dungeon.
You worshipped Vehumet.
Vehumet was aware of your devotion.
You were not hungry.

You visited 1 branch of the dungeon, and saw 3 of its levels.

You collected 137 gold pieces.

Inventory:

Hand Weapons
 a - a +0 flail (weapon)
Armour
 b - +1 steam dragon scales (worn)
Scrolls
 d - 2 scrolls of immolation
 h - a scroll of identify
 j - a scroll of amnesia
 m - a scroll of remove curse {unknown}
Potions
 c - a potion of haste
 f - a potion of agility
 g - a potion of invisibility
 k - a potion of mutation {unknown}
 l - a potion of curing {unknown}
 n - a potion of lignification {unknown}
 p - a potion of ambrosia {unknown}
Comestibles
 e - 5 rations {!d}


   Skills:
 + Level 4.0 Fighting
 + Level 3.7 Maces & Flails
 - Level 2.4 Dodging
 * Level 3.4 Spellcasting


You had 8 spell levels left.
You knew the following spells:

 Your Spells              Type           Power        Failure   Level  Hunger
a - Magic Dart            Conj           #...         5%          1    None

Your spell library contained the following spells:

 Spells                   Type           Power        Failure   Level  Hunger
 Iskenderun's Battlesphe  Conj/Chrm      #.......     77%         5    ######.


Dungeon Overview and Level Annotations

Branches:
Dungeon (3/12)

Altars:


Innate Abilities, Weirdness & Mutations

You are resistant to torment.
Your stone body is resilient. (AC +3)
You are immune to poison.
You resist negative energy. (rN+)
You are resistant to electric shocks. (rElec)
You can survive without breathing.
You are immune to petrification.
You are immune to rotting.


Message History

The orc misses you.
You hit the centaur.
The centaur is moderately wounded.
The centaur barely misses you. The rat bites you but does no damage.
The orc hits you but does no damage. The centaur barely misses you.
The rat misses you.
You hit the centaur.
The centaur is heavily wounded.
The centaur completely misses you. The orc hits you but does no damage.
The rat completely misses you. The centaur misses you.
You hit the centaur but do no damage.
The centaur is heavily wounded.
The orc hits you but does no damage. The centaur closely misses you.
The rat bites you but does no damage.
You hit the centaur.
The centaur is severely wounded.
The centaur misses you. The orc closely misses you. The rat closely misses you.
The centaur hits you with a +0 club!
Ouch! That really hurt!
You die...

.#. .o. .#.# #.#
#.#.# #o. ###.#.#
#.# ####...#)# #o#
.........# #.#
.###.###.### #(# #
.##....†...###K###.#
.##..###......oo@co#
.##..# #.#####.##rg#
.##..# #.# #.# Z.#
.....# #.# #.# ..#
.###.###.# #.. ...
.#.....#.# ### ....
.#.#.#.#.# #.###
...).....# .#
.#.#.#.#.###


You could see a centaur, 3 orcs, a hound zombie, a hobgoblin, a kobold and a
rat.

Vanquished Creatures
  An orc wizard (D:3)
  2 adders (D:2)
  2 worms
  A dart slug (D:2)
  2 leopard geckos
  5 orcs
  2 bats (D:1)
  12 giant cockroaches
  A goblin (D:1)
  3 hobgoblins
  5 jackals
  A frilled lizard (D:1)
  4 kobolds
  A rat (D:1)
42 creatures vanquished.

Notes
Turn   | Place    | Note
-------+----------+-------------------------------------------
     0 | D:1      | Freyura the Gargoyle Reaver began the quest for the Orb.
     0 | D:1      | Reached XP level 1. HP: 14/14 MP: 3/3
   378 | D:1      | Reached XP level 2. HP: 19/19 MP: 5/5
  1009 | D:2      | Reached XP level 3. HP: 22/23 MP: 7/7
  1344 | D:2      | Reached * piety under Vehumet
  1344 | D:2      | Offered knowledge of Magic Dart by Vehumet.
  1356 | D:2      | Learned a level 1 spell: Magic Dart
  1369 | D:2      | Reached XP level 4. HP: 29/29 MP: 8/8
  2047 | D:3      | Noticed a centaur
  2051 | D:3      | Reached skill level 4 in Fighting
  2061 | D:3      | Mangled by a centaur

Skill      XL: |  1  2  3  4 |
---------------+-------------+-----
Spellcasting   | 3 |  3.4
Fighting       | 4 |  4.0
Maces & Flails | |  3.7
Dodging        | |  2.4

Action                   |  1- 3 |  4- 6 || total
-------------------------+-------+-------++-------
Melee: Flail             |   134 |    66 ||   200
  Use: Scroll            |       |     6 ||     6
       Potion            |       |     1 ||     1
 Stab: Sleeping          |     1 |       ||     1
  Eat: Chunk             |     1 |     3 ||     4
Armor: Steam dragon scal |    73 |    28 ||   101
Dodge: Dodged            |   114 |    68 ||   182
